cohdb
Replays
Latest Replays
All Replays
Popular Replays
Top Player Replays
Match Explorer
How It Works
Community
CoH3 Stats
Reddit
Sign in to upload your games and track your stats! →
Sign in with Steam
Match 40432805
Unlisted
Match 40432805
Overview
Messages
Build Orders
End
Engineer Squad
Selects Heavy Weapons
Construct Barracks
Riflemen Squad
Riflemen Squad
Construct Weapon Support Center
Bazooka Squad
Sniper
Selects M2HB .50cal Heavy Machine Gun
Mechanized Support Center
M3 Armored Personnel Carrier
Selects Assault Carriers
Riflemen Squad
Selects Assault Carriers
Selects Assault Carriers
Selects Exchangeable Parts
M3 Assault Carrier
Designate Forward Repair Station
M1918 Browning Automatic Rifles
Bazooka Squad
Grenade Package
Bazooka Squad
Construct Tank Depot
Bazooka Squad
M18 Hellcat Tank Destroyer
Improvised Armor
Riflemen Squad
Quietus
TacticalVanguard
Draken
Quejour
Elan
Goliath
0
0
Comments
sign in to comment!
No comments posted yet!